 Dungeon Crawl Stone Soup version 0.30-a0-341-g682706514a (webtiles) character file.

Game seed: 5706493771306333048

27 Shayle the Poker (level 3, -3/32 HPs)
             Began as a Naga Reaver on Nov 1, 2022.
             Slain by a white imp (5 damage)
             ... summoned by Natasha
             ... on level 2 of the Dungeon.
             The game lasted 00:03:35 (796 turns).

Shayle the Poker (Naga Reaver)                       Turns: 796, Time: 00:03:36

Health: -3/32      AC:  2    Str: 14    XL:     3   Next: 10%
Magic:  5/6        EV:  9    Int: 15    God:
Gold:   65         SH:  0    Dex:  9    Spells: 5/6 levels left

rFire   . . .      SeeInvis +    a - +0 spear
rCold   . . .      Faith    .    (no shield)
rNeg    . . .      Spirit   .    b - +0 leather armour
rPois   +          Reflect  .    (no helmet)
rElec   .          Harm     .    (no cloak)
rCorr   .          Rampage  .    (no gloves)
Will    +....                    (no barding)
Stlth   +.........               (no amulet)
HPRegen 0.25/turn                f - ring of willpower
MPRegen 0.10/turn                (no ring)

@: short of breath, attractive, very slightly contaminated, very slow
A: AC +1, large, see invisible, deformed body, poison resistance, slowness 2,
spit poison 1, naga tail 1
a: Spit Poison


You were on level 2 of the Dungeon.
You visited 1 branch of the dungeon, and saw 2 of its levels.

You collected 65 gold pieces.

Inventory:

Hand Weapons
 a - a +0 spear (weapon)
Missiles
 h - 4 poisoned darts
Armour
 b - a +0 leather armour (worn)
Jewellery
 f - a ring of willpower (left hand)
Scrolls
 d - a scroll of magic mapping {unknown}
 e - 2 scrolls of teleportation {unknown}
Potions
 c - a potion of flight {unknown}


   Skills:
 + Level 2.3 Fighting
 + Level 3.2 Polearms
 + Level 1.8 Dodging
 + Level 1.4 Stealth
 + Level 2.1 Spellcasting
 - Level 3.0 Conjurations
 + Level 0.9 Fire Magic


You had 5 spell levels left.
You knew the following spells:

 Your Spells              Type           Power      Damage    Failure   Level
a - Kiss of Death         Conj/Necr      24%        2d7       16%         1

Your spell library contained the following spells:

 Spells                   Type           Power      Damage    Failure   Level
 Momentum Strike          Conj/Tloc      12%        3d8       22%         2
 Hailstorm                Conj/Ice       6%         3d4       41%         3
 Inner Flame              Hex/Fire       3%         N/A       56%         3
 Flame Wave               Conj/Fire      7%         2d5       77%         4
 Sticky Flame             Conj/Fire      7%         2d3       77%         4


Dungeon Overview and Level Annotations

Branches:
Dungeon (2/15)

Altars:

Annotations:
D:2 Natasha


Innate Abilities, Weirdness & Mutations

Your serpentine skin is tough. (AC +1)
You have supernaturally acute eyesight. (SInv)
Armour fits poorly on your strangely shaped body.
Your system is resistant to poisons. (rPois)
You cover ground very slowly.
You can spit poison.
You have a snake-like lower body.


Message History

Aiming: Kiss of Death (safe; 16% risk of failure)
Press: ? - help, Shift-Dir - straight line, f/p - Natasha
Aim: Natasha (heavily wounded, 100% to hit)
You miscast Kiss of Death.
You are very lightly contaminated with residual magic.
Nothing appears to happen.
The white imp gestures at you. The puff of frost hits you!
* * * LOW HITPOINT WARNING * * *
Natasha claws you.
* * * LOW HITPOINT WARNING * * *
Unknown command.
It was a potion of attraction.
You feel attractive to monsters. The white imp barely misses you.
Natasha claws you.
* * * LOW HITPOINT WARNING * * *
It was a potion of heal wounds.
You feel much better. The white imp barely misses you.
Natasha casts a spell.
You can't do that yet.
Unknown command.
You hit Natasha but do no damage.
Natasha is heavily wounded.
The white imp hits you. The white imp freezes you.
Natasha mumbles some strange words.
You hit Natasha but do no damage.
Natasha is heavily wounded.
The white imp hits you. The white imp freezes you. Natasha claws you.
The white imp hits you. The white imp freezes you.
* * * LOW HITPOINT WARNING * * *
Okay, then.
You closely miss Natasha.
Natasha is heavily wounded.
The white imp shouts, "Run away, thou baffled flat-headed barnacle!"
The white imp barely misses you. Natasha claws you.
* * * LOW HITPOINT WARNING * * *
The white imp hits you.
* * * LOW HITPOINT WARNING * * *
The white imp freezes you.
You die...

# #. .# . #.
#.#### #...5#
#..h5#
#.##@########
#...5.......#
....##....##.###
.. #....'..#
#....#..)....
+....+....#..
#....####>#
###### #


You could see Natasha and 3 white imps.

Vanquished Creatures
  2 endoplasms (D:1)
  2 giant cockroaches (D:1)
  2 goblins (D:1)
  2 hobgoblins (D:1)
  4 jackals (D:1)
  A kobold (D:1)
  2 quokkas (D:1)
  A ball python (D:1)
  3 frilled lizards (D:1)
  5 rats (D:1)
24 creatures vanquished.

Notes
Turn   | Place    | Note
-------+----------+-------------------------------------------
     0 | D:1      | Shayle the Naga Reaver began the quest for the Orb.
     0 | D:1      | Reached XP level 1. HP: 19/19 MP: 3/3
   196 | D:1      | Reached XP level 2. HP: 16/26 MP: 5/5
   238 | D:1      | Reached skill level 1 in Stealth
   547 | D:1      | Reached XP level 3. HP: 9/32 MP: 6/6
   782 | D:2      | Noticed Natasha
   796 | D:2      | Slain by a white imp

Illustrated notes

Levels and vault maps discovered:
D:1:      tarquinn_simple_flora_water_f, layout_rooms, corexii_leaking_fountain,
          minmay_misc_feat_chi
D:2:      layout_basic, nicolae_shop_vocational, uniq_natasha

Skill      XL: |  1  2 |
---------------+-------+-----
Stealth        | 1 |  1.4
Fighting       | |  2.3
Polearms       | |  3.2
Dodging        | |  1.8
Spellcasting   | |  2.1
Conjurations   | |  3.0
Fire Magic     | |  0.9

Action                   || total
-------------------------++-------
Melee: Spear             ||    82
 Abil: Spit Poison       ||    21
  Use: Potion            ||     2
Armor: Leather armour    ||    19
Dodge: Dodged            ||    68

Table legend: (Time is in decaauts)
 A = Elapsed time spent in this place.
 B = Non-inter-level travel time spent in this place.
 C = Inter-level travel time spent in this place.
 D = Time resting spent in this place.
 E = Time spent auto-exploring this place.
 F = Levels seen in this place.
 G = Mean time per level.
                   A        B        C        D        E       F      G
               +--------+--------+--------+--------+--------+-----+--------+
         Total |    953 |    924 |     29 |     63 |    581 |   2 |  476.5 |
       Dungeon |    953 |    924 |     29 |     63 |    581 |   2 |  476.5 |
               +--------+--------+--------+--------+--------+-----+--------+

Top non-repeatable levels by time:
     D:1: 929 daAuts
     D:2: 24 daAuts
